 Dungeon Crawl Stone Soup version 0.16.2-12-gd0ad4c3 (webtiles) character file.

61 musteatbrain the Sneak (level 3, 0/16 HPs)
             Began as a Spriggan Enchanter on Sept 28, 2015.
             Was an Initiate of Makhleb.
             Succumbed to an adder's poison
             ... on level 3 of the Dungeon.
             The game lasted 00:08:35 (2451 turns).

musteatbrain the Sneak (Spriggan Enchanter)         Turns: 2451, Time: 00:08:35

Health: 0/16       AC:  3    Str:  7    XL:     3   Next: 83%
Magic:  4/9        EV: 24    Int: 16    God:    Makhleb [......]
Gold:   62         SH:  0    Dex: 21    Spells: 2 memorised, 4 levels left

rFire  + . .     SeeInvis +     a - +1 dagger
rCold  . . .     Clarity  .     b - +1 robe
rNeg   . . .     SustAb   .     (shield restricted)
rPois  .         Gourm    .     (helmet restricted)
rElec  .         Spirit   +     (no cloak)
rCorr  .         Warding  .     (gloves unavailable)
rMut   .         Stasis   .     (boots unavailable)
MR     .....                    e - amulet of guardian spirit
Stlth  ++++......               (no ring)
                                (no ring)

@: agile, lethally poisoned (0 -> -7), very quick, not resistant to hostile
enchantments, stealthy
A: unfitting armour, see invisible, fire resistance 1, herbivore 3, speed 3,
slow metabolism 2, strong 1
a: Renounce Religion


You were on level 3 of the Dungeon.
You worshipped Makhleb.
Makhleb was noncommittal.
You were not hungry.

You visited 1 branch of the dungeon, and saw 3 of its levels.

You collected 62 gold pieces.

Inventory:

Hand weapons
 a - a +1 dagger (weapon)
Armour
 b - a +1 robe (worn)
Jewellery
 e - an amulet of guardian spirit (around neck)
Scrolls
 j - 2 scrolls of enchant armour {unknown}
Potions
 g - a potion of beneficial mutation {unknown}
Books
 c - a book of Maledictions

   Spells                             Type                      Level
   a - Corona                         Hexes                        1
   b - Sure Blade                     Hexes/Charms                 2
   c - Ensorcelled Hibernation        Hexes/Ice                    2
   d - Confuse                        Hexes                        3
   e - Dazzling Spray                 Conjuration/Hexes            3
   f - Enslavement                    Hexes                        4
Comestibles
 d - a bread ration
 i - a slice of pizza


   Skills:
 + Level 4.0 Short Blades
 + Level 3.2 Dodging
 + Level 4.6 Stealth
 - Level 2.6 Spellcasting
 - Level 3.6 Hexes


You had 4 spell levels left.
You knew the following spells:

 Your Spells              Type           Power        Failure   Level  Hunger
a - Corona                Hex            ##.....      6%          1    #......
b - Ensorcelled Hibernat  Hex/Ice        #.....       17%         2    ##.....


Dungeon Overview and Level Annotations

Branches:
Dungeon (3/15)

Altars:
Makhleb
Ru


Innate Abilities, Weirdness & Mutations

You are tiny and cannot use many weapons and most armour.
You have supernaturally acute eyesight.
You are a herbivore.
You cover ground extremely quickly.
You need consume almost no food.
Your flesh is heat resistant.
Your muscles are strong. (Str +2)


Message History

You feel sick.
* * * LOW HITPOINT WARNING * * *
You feel sick.
Drink which item? (? for menu, Esc to quit)
It was a potion of mutation.
You feel extremely strange.
You feel resistant to heat.
You feel stronger.
* * * LOW HITPOINT WARNING * * *
You feel sick. The adder misses you.
You hit the adder.
The adder is heavily wounded.
The adder completely misses you.
Drink which item? (? for menu, Esc to quit)
It was a potion of agility.
You feel agile all of a sudden.
* * * LOW HITPOINT WARNING * * *
You feel sick. The adder misses you. The kobold hits you but does no damage.
The adder barely misses you.
Drink which item? (? for menu, Esc to quit)
It was a potion of restore abilities.
You feel refreshed.
You die...

#. #. #. #.#####
#..... #...)
#...#### #..@#.<#
#.KS...# .
##..##.#.####.....
...........%......
###..#.#..........
##.............
...............
................
......#.......


You could see an adder and a kobold.

Vanquished Creatures
  An adder (D:2)
  2 worms (D:1)
  4 giant cockroaches (D:1)
  5 goblins
  8 hobgoblins
  5 kobolds
  A ball python (D:2)
  4 bats
  3 giant newts (D:1)
  4 rats
37 creatures vanquished.

Notes
Turn   | Place    | Note
--------------------------------------------------------------
     0 | D:1      | musteatbrain, the Spriggan Enchanter, began the quest for the Orb.
     0 | D:1      | Reached XP level 1. HP: 9/9 MP: 4/4
   282 | D:1      | Reached XP level 2. HP: 11/13 MP: 7/7
  1011 | D:1      | Reached XP level 3. HP: 9/16 MP: 9/9
  1579 | D:2      | Learned a level 2 spell: Ensorcelled Hibernation
  2031 | D:2      | Found a sacrificial altar of Ru.
  2376 | D:2      | Found a burning altar of Makhleb.
  2376 | D:2      | Noticed a cacodemon
  2379 | D:2      | Noticed a hellwing
  2379 | D:2      | Noticed a ynoxinul
  2381 | D:2      | Became a worshipper of Makhleb the Destroyer
  2448 | D:3      | Gained mutation: Your flesh is heat resistant. [potion of mutation]
  2448 | D:3      | Gained mutation: Your muscles are strong. (Str +2) [potion of mutation]
  2451 | D:3      | Succumbed to an adder's poison

Action                   || total
-------------------------++-------
Melee: Dagger            ||   202
 Cast: Ensorcelled Hiber ||     2
  Use: Potion            ||     4
 Stab: Sleeping          ||     7
       Invisible         ||     2
